 Dungeon Crawl Stone Soup version 0.21-a0-286-g6fcecc0 (webtiles) character file.

100 Ijustatesigmund the Skirmisher (level 4, -9/33 HPs)
             Began as an Octopode Fighter on Sept 26, 2017.
             Killed from afar by Ijyb (20 damage)
             ... with a wand of acid (?/15)
             ... on level 3 of the Dungeon.
             The game lasted 00:04:20 (2169 turns).

Ijustatesigmund the Skirmisher (Octopode Fighter)   Turns: 2169, Time: 00:04:21

Health: -9/33      AC: -2    Str: 20    XL:     4   Next: 74%
Magic:  4/4        EV: 13    Int: 10    God:
Gold:   133        SH:  9    Dex: 12    Spells: 3/3 levels left

rFire    . . .     SeeInvis .   a - +0 flail
rCold    . . .     Gourm    .   b - +0 shield
rNeg     . . .     Faith    .   (helmet restricted)
rPois    .         Spirit   .   (no amulet)
rElec    .         Reflect  .   l - +1 ring of protection
rCorr    .         Harm     .   n - +1 ring of evasion
MR       .....                  (no ring)
Stlth    ++........             (no ring)
HPRegen  0.11/turn              (no ring)
MPRegen  0.09/turn              (no ring)
                                (no ring)
                                (no ring)

@: mighty, corroded
A: almost no armour, stealthy swim, amphibious, 8 rings, constrict 8, camouflage
1, gelatinous body 1
a: no special abilities


You were on level 3 of the Dungeon.
You were not hungry.

You visited 1 branch of the dungeon, and saw 3 of its levels.

You collected 133 gold pieces.

Inventory:

Hand Weapons
 a - a +0 flail (weapon)
Armour
 b - a +0 shield (worn)
Jewellery
 l - a +1 ring of protection (left tentacle)
 n - a +1 ring of evasion (right tentacle)
Scrolls
 i - a scroll of fear {unknown}
 k - 2 scrolls of teleportation
Potions
 g - a potion of invisibility
Books
 m - a book of Cantrips

   Spells                             Type                      Level
   a - Confusing Touch                Hexes                        1
   b - Animate Skeleton               Necromancy                   1
   c - Summon Small Mammal            Summoning                    1
   d - Apportation                    Translocation                1
Comestibles
 d - 3 bread rations
 f - a chunk of flesh


   Skills:
 + Level 3.7 Fighting
 * Level 3.5 Maces & Flails
 - Level 3.0 Dodging
 + Level 3.7 Shields


You had 3 spell levels left.
You didn't know any spells.

Dungeon Overview and Level Annotations

Branches:
Dungeon (3/15)

Altars:
Qazlal

Annotations:
D:3 Ijyb


Innate Abilities, Weirdness & Mutations

You cannot wear most types of armour.
You are very stealthy in the water. (Stealth+)
You are amphibious.
You can wear up to eight rings at the same time.
You can use your tentacles to constrict eight enemies at once.
Your skin changes colour to match your surroundings (Stealth+).
Your rubbery body absorbs attacks. (AC +1, EV +1)


Message History

Ijyb shouts!
You closely miss Ijyb. You grab Ijyb. You constrict Ijyb.
Ijyb zaps a wand.
The bolt of acid hits you! The acid corrodes you!
You are splashed with acid!
The acid burns!
It is a wand of acid (?/15).
You are too injured to fight recklessly!
You are too injured to fight recklessly!
You are too injured to fight recklessly!
You are too injured to fight recklessly!
You are too injured to fight recklessly!
You are too injured to fight recklessly!
You are too injured to fight recklessly!
You are too injured to fight recklessly!
You are too injured to fight recklessly!
You feel very mighty all of a sudden.
You constrict Ijyb. Ijyb closely misses you.
You hit Ijyb.
Ijyb is moderately wounded.
You constrict Ijyb.
Ijyb zaps a wand.
The bolt of acid hits you!
Ouch! That really hurt!
You die...

**,,,,,*,*#*,** ##.#
**,**,,_,,*,,*##.÷†
#.##,*,*,**,##....
#...,*,,,,......†.
***#######..#***,**#.......
*,,...<...$.####..,........
*,,.............,,*#.......
*,,.......#..#*****#..##.#.
*,,......g@..# ####..##..#
*,,.......#..# #.....###..
*,,.......##.####.....# ##.
*,,.......*#....#....#* #.
*,,.......*####......# #.
*,,.......* ##.....# #.
*,,.......* #.....# ####
***#######* ##....###...
###.###..##


You could see Ijyb.

Vanquished Creatures
  3 adders (D:3)
  2 oozes
  An adder zombie (D:3)
  A worm (D:2)
  A dart slug (D:2)
  A leopard gecko (D:2)
  4 orcs (D:3)
  5 bats
  A giant cockroach (D:1)
  4 goblins
  5 hobgoblins
  8 jackals (D:3)
  2 ball pythons
  11 frilled lizards
  A jackal skeleton (D:2)
  2 kobolds
  4 rats
56 creatures vanquished.

Notes
Turn   | Place    | Note
-------+----------+-------------------------------------------
     0 | D:1      | Ijustatesigmund the Octopode Fighter began the quest for the Orb.
     0 | D:1      | Reached XP level 1. HP: 16/16 MP: 1/1
    87 | D:1      | Reached XP level 2. HP: 20/21 MP: 2/2
   740 | D:2      | Reached XP level 3. HP: 17/26 MP: 3/3
  1183 | D:2      | Found a stormy altar of Qazlal.
  1854 | D:3      | Reached XP level 4. HP: 23/31 MP: 4/4
  1984 | D:3      | HP: 1/32 [adder (3)]
  2165 | D:3      | Noticed Ijyb
  2169 | D:3      | Killed from afar by Ijyb

Vault maps used:
D:1:      dpeg_arrival_tiny_a, minmay_lizard_pond
D:2:      grunt_qazlal_clouds
D:3:      ashenzari_altar_1, uniq_ijyb

Skill      XL: |  1  2  3 |
---------------+----------+-----
Maces & Flails | 3 |  3.5
Fighting       | |  3.7
Dodging        | |  3.0
Shields        | |  3.7

Action                   |  1- 3 |  4- 6 || total
-------------------------+-------+-------++-------
Melee: Flail             |    77 |    27 ||   104
       Constrict         |    20 |     6 ||    26
       Tentacles         |    15 |     2 ||    17
  Use: Potion            |     2 |     2 ||     4
       Scroll            |     1 |     6 ||     7
 Stab: Sleeping          |     7 |     1 ||     8
  Eat: Chunk             |     3 |     1 ||     4
Armor: Skin              |     7 |     1 ||     8
Dodge: Dodged            |    42 |    12 ||    54
Block: Shield            |    24 |     9 ||    33

Table legend:
 A = Spawn XP
 B = Non-spawn XP
 C = Spawn XP percentage of total XP
 D = Spawn monster count
 E = Non-spawn monster count
 F = Spawn count percentage of total count
 G = Total turns spent on level
                    A         B        C        D         E        F      G
               +---------+---------+-------+---------+---------+-------+---------
         Total |       0 |     144 |   0.0 |       0 |      56 |   0.0 |  2169
               +---------+---------+-------+---------+---------+-------+---------
           D:1 |       0 |      31 |   0.0 |       0 |      20 |   0.0 |   725
           D:2 |       0 |      26 |   0.0 |       0 |      13 |   0.0 |   989
           D:3 |       0 |      87 |   0.0 |       0 |      23 |   0.0 |   455
               +---------+---------+-------+---------+---------+-------+---------
